 Dungeon Crawl Stone Soup version 0.29-a0-542-g075992c915 (webtiles) character file.

Game seed: 9434500703985521198

2848 happo123 the Sneak (level 10, -3/58 HPs)
             Began as a Kobold Enchanter on June 3, 2022.
             Slain by Duvessa
             ... wielding a +0 short sword
              (20 damage)
             ... on level 6 of the Dungeon on June 4, 2022.
             The game lasted 00:25:02 (9639 turns).

happo123 the Sneak (Kobold Enchanter)               Turns: 9639, Time: 00:25:02

Health: -3/58      AC:  2    Str:  5    XL:     10   Next: 4%
Magic:  6/17       EV: 17    Int: 20    God:
Gold:   424        SH:  0    Dex: 17    Spells: 8/19 levels left

rFire   . . .      SeeInvis .   o - +2 dagger (drain)
rCold   . . .      Faith    .   (no shield)
rNeg    . . .      Spirit   .   b - +0 robe
rPois   .          Reflect  .   (no helmet)
rElec   .          Harm     .   (no cloak)
rCorr   .          Rampage  .   (no gloves)
Will    .....                   (no boots)
Stlth   +++++.....              (no amulet)
HPRegen 0.19/turn               (no ring)
MPRegen 0.15/turn               (no ring)

@: no status effects
A: small, no large weapons, nightstalker 3
a: no special abilities


You were on level 6 of the Dungeon.
You visited 2 branches of the dungeon, and saw 7 of its levels.

You collected 424 gold pieces.

Inventory:

Hand Weapons
 a - a +1 dagger
 o - a +2 dagger of draining (weapon)
Missiles
 z - a throwing net
Armour
 b - a +0 robe (worn)
Wands
 y - a wand of charming (11)
Scrolls
 g - a scroll of enchant weapon {unknown}
 h - 4 scrolls of teleportation
 i - a scroll of summoning {unknown}
 l - a scroll of blinking {unknown}
 m - 2 scrolls of identify
 r - 2 scrolls of fear {unknown}
 t - a scroll of immolation {unknown}
 u - a scroll of noise
 v - 2 scrolls of brand weapon
 w - a scroll of poison
Potions
 c - 3 potions of invisibility
 d - a potion of magic {unknown}
 e - 2 potions of brilliance {unknown}
 f - 3 potions of cancellation {unknown}
 j - a potion of degeneration {unknown}
 k - a potion of attraction {unknown}
 n - 3 potions of haste {unknown}
 p - 4 potions of curing {unknown}
 q - a potion of might {unknown}
 s - 2 potions of heal wounds {unknown}
 x - a potion of resistance {unknown}


   Skills:
 + Level 4.6 Fighting
 + Level 6.2 Short Blades
 + Level 6.0 Dodging
 + Level 7.8 Stealth
 + Level 5.2 Spellcasting
 * Level 7.2 Hexes
 + Level 4.1 Summonings


You had 8 spell levels left.
You knew the following spells:

 Your Spells              Type           Power      Damage    Failure   Level
a - Ensorcelled Hibernat  Hex/Ice        38%        N/A       3%          2
b - Confusing Touch       Hex            34%        N/A       1%          3
c - Tukima's Dance        Hex            34%        N/A       1%          3
d - Summon Guardian Gole  Hex/Summ       28%        N/A       3%          3

Your spell library contained the following spells:

 Spells                   Type           Power      Damage    Failure   Level
 Summon Small Mammal      Summ           84%        N/A       1%          1
 Call Canine Familiar     Summ           21%        N/A       6%          3
 Dazzling Flash           Conj/Hex       38%        N/A       8%          3
 Magic Dart               Conj           20%        1d4       12%         1
 Sting                    Tmut/Pois      20%        1d4       12%         1
 Searing Ray              Conj           10%        2d4       17%         2
 Fulminant Prism          Conj/Hex       9%         3d7       26%         4
 Silence                  Hex/Air        9%         N/A       56%         5
 Corpse Rot               Necr/Pois/Air  5%         N/A       75%         4
 Passage of Golubria      Tloc           5%         N/A       75%         4
 Lehudib's Crystal Spear  Conj/Erth      2%         10d2      100%        8
 Death's Door             Necr           2%         N/A       100%        9


Dungeon Overview and Level Annotations

Branches:
Dungeon (6/15)             Temple (1/1) D:6

Altars:
Ashenzari
Cheibriados
Elyvilon
Fedhas
Kikubaaqudgha
Nemelex Xobeh
Okawaru
Qazlal
Ru
Vehumet
Xom
Zin
The Shining One

Shops:
D:1 *

Annotations:
D:3 2 transporters
D:6 Duvessa


Innate Abilities, Weirdness & Mutations

You are small and have problems with some larger weapons.
You are completely attuned to the shadows.


Message History

Casting: Ensorcelled Hibernation (safe; 4% risk of failure)
Confirm with . or Enter, or press ? or * to list all spells.
Your hands begin to glow red.
Dowan hits you with a +0 dagger! Duvessa hits you with a +0 short sword.
You hit Dowan but do no damage.
Dowan appears confused.
Duvessa hits you with a +0 short sword!
Casting: Confusing Touch (safe; 1% risk of failure)
Confirm with . or Enter, or press ? or * to list all spells.
Your hands begin to glow red.
Dowan barely misses you. Duvessa barely misses you.
You hit Duvessa but do no damage.
Duvessa appears confused.
The ogre misses you. Duvessa hits you with a +0 short sword!
Aiming: Ensorcelled Hibernation (safe; 4% risk of failure)
Press: ? - help, Q - select action, (/) - cycle Shift-Dir - straight line, f - ogre, p - Dowan
Aim: an ogre, wielding a +0 giant club (chance to affect: 51%)
The ogre looks drowsy...
Dowan hits you with a +0 dagger.
* * * LOW HITPOINT WARNING * * *
Duvessa gestures wildly.
Duvessa closely misses you.
The helpless ogre fails to defend itself.
You skewer the ogre like a kebab!!!
You kill the ogre!
You hit Dowan.
Dowan is lightly wounded.
Dowan completely misses you.
Duvessa hits herself but does no damage.
Your magical contamination has completely faded away.
You hit Dowan. You drain Dowan.
Dowan is moderately wounded.
Dowan closely misses you. Duvessa barely misses you.
You hit Dowan. You drain Dowan.
Dowan is severely wounded.
You catch the helpless Dowan completely off-guard!
You impale Dowan!!
You kill Dowan!
Duvessa screams in rage.
Duvessa goes berserk!
Duvessa hits you with a +0 short sword!!
You die...

#..........♣.≈
#.....(....≈..
#............♣
#####.........≈≈.≈
......>..........≈≈.≈
........#+######...≈.
........#......#....≈
[..e)...#......#...≈≈
....@..#.......#..≈..
...)..###....>.#.....
.....## ##.....#.....
..#.## ##.#........
.### ####.......
##.#.... ####.#. ####
####.#.


You could see Duvessa (berserk, confused).

Vanquished Creatures
  Pikel (D:5)
  A steam dragon (D:4)
  An orc warrior (D:6)
  2 black bears
  A sky beast (D:6)
  3 ice beasts
  4 ogres
  A lemure (D:5)
  A phantom (D:6)
  3 scorpions
  4 wights (D:6)
  Dowan (D:6)
  An electric eel (D:6)
  A crimson imp (D:6)
  2 hounds
  2 jellies (D:5)
  2 orc priests
  Terence (D:2)
  3 iguanas
  An orc wizard (D:6)
  A mummy (D:4)
  18 gnolls
  5 adders
  A white imp (D:6)
  2 ufetubi
  3 dart slugs
  13 orcs
  6 ball pythons
  5 endoplasms
  7 giant cockroaches
  20 goblins
  18 hobgoblins
  2 jackals (D:3)
  4 kobolds
  4 quokkas
  8 bats
  3 frilled lizards
  A goblin skeleton (D:6)
  2 goblin zombies (D:6)
  4 hobgoblin zombies (D:6)
  A kobold skeleton (D:6)
  3 kobold zombies (D:4)
  4 orc zombies
  11 rats
182 creatures vanquished.

Vanquished Creatures (collateral kills)
  A wight (D:6)
  A gnoll (D:6)
  An orc (D:6)
  A hobgoblin (D:6)
4 creatures vanquished.

Vanquished Creatures (others)
  A gnoll (D:6)
  A goblin (D:6)
  A hobgoblin (D:6)
3 creatures vanquished.

Grand Total: 189 creatures vanquished

Notes
Turn   | Place    | Note
-------+----------+-------------------------------------------
     0 | D:1      | happo123 the Kobold Enchanter began the quest for the Orb.
     0 | D:1      | Reached XP level 1. HP: 10/10 MP: 3/3
   168 | D:1      | Reached XP level 2. HP: 15/15 MP: 5/5
   171 | D:1      | Learned a level 2 spell: Ensorcelled Hibernation
   176 | D:1      | Found Soma Ympu's General Store.
   966 | D:1      | Reached XP level 3. HP: 18/19 MP: 6/6
   970 | D:1      | Learned a level 3 spell: Confusing Touch
  1512 | D:2      | Got Adad's Papyrus of Twisted Intoxication
  1809 | D:2      | Reached XP level 4. HP: 24/24 MP: 7/7
  2056 | D:2      | Noticed Terence
  2060 | D:2      | Killed Terence
  2443 | D:3      | Found a faded altar of an unknown god.
  2595 | D:3      | Reached XP level 5. HP: 28/28 MP: 9/9
  2614 | D:3      | Learned a level 3 spell: Tukima's Dance
  2845 | D:3      | Found a transporter.
  2852 | D:3      | Identified the +8 flail of the Countless Tusks {pain, rC++}
  2861 | D:3      | Found a transporter.
  3049 | D:3      | Reached skill level 1 in Summonings
  3052 | D:3      | Reached skill level 1 in Fighting
  3059 | D:3      | Reached skill level 5 in Stealth
  3701 | D:3      | Found a radiant altar of Vehumet.
  3847 | D:4      | Reached XP level 6. HP: 34/34 MP: 10/10
  4465 | D:4      | Identified the +7 spear of Diet Blood {antimagic, Dex+5}
  4525 | D:4      | Noticed an ogre
  4537 | D:4      | Killed an ogre
  4538 | D:4      | Reached XP level 7. HP: 40/40 MP: 8/12
  4603 | D:4      | Noticed a steam dragon
  4619 | D:4      | Killed a steam dragon
  4875 | D:4      | HP: 1/40 [mummy (18)]
  5379 | D:5      | Entered Level 5 of the Dungeon
  5547 | D:5      | Reached skill level 5 in Hexes
  5547 | D:5      | Reached XP level 8. HP: 45/45 MP: 10/13
  5864 | D:5      | Noticed Pikel
  5881 | D:5      | Killed Pikel
  5882 | D:5      | Reached skill level 5 in Dodging
  5882 | D:5      | Reached XP level 9. HP: 5/51 MP: 5/15
  6155 | D:5      | Reached skill level 5 in Short Blades
  6548 | D:6      | Learned a level 3 spell: Summon Guardian Golem
  6568 | D:6      | Found a glowing golden altar of the Shining One.
  7683 | D:6      | Found a staircase to the Ecumenical Temple.
  7689 | Temple   | Entered the Ecumenical Temple
  8072 | D:6      | Reached skill level 5 in Spellcasting
  8114 | D:6      | Found a large runed translucent door.
  8115 | D:6      | Found a large runed translucent door.
  8133 | D:6      | Found a blossoming altar of Fedhas.
  8156 | D:6      | Found a snail-covered altar of Cheibriados.
  9568 | D:6      | Reached XP level 10. HP: 58/58 MP: 17/17
  9624 | D:6      | Noticed Dowan
  9625 | D:6      | Noticed Duvessa
  9639 | D:6      | Killed Dowan
  9639 | D:6      | Slain by Duvessa

Illustrated notes

Levels and vault maps discovered:
D:1:      grunt_arrival_lava_bath, layout_loops_corners, serial_shops,
          nicolae_shop_stone
D:2:      layout_basic, uniq_terence
D:3:      gammafunk_steamed_eel, layout_basic, marbit_many_paths,
          ebering_ecumenical_altar_mist, minivault_27
D:4:      layout_cave_pools, minmay_mini_ossuary
D:5:      layout_rooms, grunt_ministairs_9, uniq_pikel
D:6:      minmay_goblin_kobold_castle, layout_gridville,
          nicolae_tso_besieged_by_evil, jmf_multi_god_temple2,
          minmay_temple_entry_junction_2, chequers_serial_rivers_marsh,
          grunt_ministairs_4, nicolae_figureground_pulse, uniq_duvessa
Temple:   jpeg_temple_island

Skill      XL: |  1  2  3  4  5  6  7  8  9 |
---------------+----------------------------+-----
Short Blades   | 2 3 4 6 |  6.2
Dodging        | 3 4 5 6 |  6.0
Summonings     | 1 2 3 4 |  4.1
Fighting       | 1 2 3 4 |  4.6
Stealth        | 5 6 7 |  7.8
Spellcasting   | 3 4 5 |  5.2
Hexes          | 4 5 7 |  7.2

Action                   |  1- 3 |  4- 6 |  7- 9 | 10-12 || total
-------------------------+-------+-------+-------+-------++-------
Melee: Dagger            |    98 |    70 |   284 |    11 ||   463
       Punch             |     1 |       |     4 |       ||     5
 Cast: Ensorcelled Hiber |     8 |    11 |    62 |     3 ||    84
       Tukima's Dance    |       |     3 |     7 |       ||    10
       Confusing Touch   |       |     1 |    18 |     2 ||    21
       Summon Guardian G |       |       |     6 |       ||     6
  Use: Scroll            |       |       |     4 |       ||     4
 Stab: Sleeping          |    25 |    28 |    59 |     2 ||   114
       Confused          |       |     1 |    14 |     1 ||    16
Armor: Robe              |     7 |     5 |    13 |       ||    25
Dodge: Dodged            |    59 |    30 |   250 |    11 ||   350

Table legend: (Time is in decaauts)
 A = Elapsed time spent in this place.
 B = Non-inter-level travel time spent in this place.
 C = Inter-level travel time spent in this place.
 D = Time resting spent in this place.
 E = Time spent auto-exploring this place.
 F = Levels seen in this place.
 G = Mean time per level.
                   A        B        C        D        E       F      G
               +--------+--------+--------+--------+--------+-----+--------+
         Total |   9590 |   8914 |    676 |   1247 |   6226 |   7 | 1370.0 |
       Dungeon |   9284 |   8631 |    653 |   1247 |   5952 |   6 | 1547.3 |
        Temple |    306 |    283 |     23 |      0 |    273 |   1 |  306.0 |
               +--------+--------+--------+--------+--------+-----+--------+

Top non-repeatable levels by time:
     D:6: 2728 daAuts
     D:3: 1636 daAuts
     D:4: 1525 daAuts
     D:1: 1253 daAuts
     D:2: 1187 daAuts
     D:5: 953 daAuts
  Temple: 306 daAuts
